 Dungeon Crawl Stone Soup version 0.27.1-34-g3ba077fa99 (webtiles) character file.

Game seed: 14930008970239663567

590 comborobin the Sneak (level 7, -2/43 HPs)
             Began as a Tengu Delver on Jan 4, 2022.
             Slain by an orc warrior (20 damage)
             ... on level 4 of the Dungeon.
             The game lasted 00:04:46 (3828 turns).

comborobin the Sneak (Tengu Delver)                 Turns: 3828, Time: 00:04:47

Health: -2/43      AC:  3    Str: 12    XL:     7   Next: 39%
Magic:  8/8        EV: 15    Int: 13    God:
Gold:   181        SH:  0    Dex: 15    Spells: 6/6 levels left

rFire    . . .     SeeInvis .   j - +1 whip (distort)
rCold    . . .     Faith    .   (no shield)
rNeg     . . .     Spirit   .   a - +0 leather armour
rPois    .         Reflect  .   (helmet restricted)
rElec    .         Harm     .   (no cloak)
rCorr    .         Rampage  .   (no gloves)
Will     .....                  (boots unavailable)
Stlth    +++.......             (no amulet)
HPRegen  0.14/turn              (no ring)
MPRegen  0.11/turn              (no ring)

@: flying quickly and evasively, quick
A: beak, talons 3, nimble flight
a: no special abilities


You were on level 4 of the Dungeon.
You visited 1 branch of the dungeon, and saw 6 of its levels.

You collected 181 gold pieces.

Inventory:

Hand Weapons
 j - a +1 whip of distortion (weapon)
Missiles
 m - 5 poisoned darts (quivered)
Armour
 a - a +0 leather armour (worn)
Wands
 f - a wand of digging (3)
Scrolls
 b - a scroll of fog
 c - a scroll of magic mapping
 d - a scroll of fear
 e - a scroll of vulnerability {unknown}
 h - a scroll of enchant armour {unknown}
 i - 2 scrolls of enchant weapon {unknown}
 k - 2 scrolls of identify {unknown}
Potions
 g - a potion of mutation {unknown}
 l - 2 potions of curing {unknown}


   Skills:
 + Level 4.0 Fighting
 + Level 3.5 Maces & Flails
 + Level 2.8 Armour
 + Level 3.0 Dodging
 - Level 6.8 Stealth
 - Level 3.8 Unarmed Combat
 - Level 0.1 Evocations


You had 6 spell levels left.
You didn't know any spells.
Your spell library contained the following spells:

 Spells                   Type           Power      Damage    Failure   Level
 Dazzling Flash           Conj/Hex       0%         N/A       75%         3
 Leda's Liquefaction      Hex/Erth       0%         N/A       98%         4


Dungeon Overview and Level Annotations

Branches:
Dungeon (7/15)
 Temple: D:4-7

Altars:
Uskayaw
Yredelemnul


Innate Abilities, Weirdness & Mutations

You have a beak for a mouth.
You have claws for feet.
Your magical nature lets you fly swiftly and evasively.


Message History

An orc warrior is nearby!
An orc warrior is nearby!
An iguana comes into view.
Found a scroll labelled WATRATIERA.
There is an open door here.
Okay, then.
You closely miss the iguana.
The iguana hisses angrily.
You peck the iguana, but do no damage.
The iguana bites you but does no damage.
You hit the iguana but do no damage.
Space bends around the iguana.
The iguana is moderately wounded.
The iguana closely misses you.
You barely miss the iguana. You peck the iguana.
The iguana is heavily wounded.
The iguana closely misses you.
You hit the iguana. Your peck misses the iguana.
The iguana is heavily wounded.
The iguana blinks!
The iguana completely misses you.
You hit the iguana. You peck the iguana.
You kill the iguana!
Your Dodging skill increases to level 3!
The orc warrior completely misses you.
You hit the orc warrior but do no damage.
Space bends around the orc warrior.
You claw the orc warrior, but do no damage.
You peck the orc warrior.
The orc warrior is moderately wounded.
The orc warrior hits you with a +0 halberd!
You completely miss the orc warrior.
The orc warrior is moderately wounded.
The orc warrior hits you with a +0 halberd.
You hit the orc warrior.
You claw the orc warrior, but do no damage.
You peck the orc warrior, but do no damage.
The orc warrior is moderately wounded.
The orc warrior hits you with a +0 halberd!
The orc warrior hits you from afar with a +0 halberd!!
You die...

#.........# ...'..........#.
#.........# ....#..........#.
#......)..# ....#########'###
#.........# ... #............
#.........# .. #............
#.........# #............
#.........# #............
#.........#######....?.......
#...........@....############
#.............o..#
#................#
#................#
#................#
##################


You could see an orc warrior.

Vanquished Creatures
  An ogre (D:4)
  Blork the orc (D:4)
  A scorpion (D:4)
  A water moccasin skeleton (D:5)
  A centaur zombie (D:5)
  A hound (D:4)
  An orc priest (D:4)
  3 iguanas
  An orc wizard (D:4)
  A killer bee zombie (D:5)
  Robin (D:4)
  4 adders
  An adder skeleton (D:4)
  A worm (D:3)
  A dart slug (D:3)
  7 orcs (D:4)
  2 bats (D:3)
  4 endoplasms
  A giant cockroach (D:4)
  11 goblins
  5 hobgoblins
  3 jackals (D:3)
  5 kobolds
  2 quokkas (D:3)
  3 ball pythons
  A frilled lizard (D:3)
  4 rats
68 creatures vanquished.

Vanquished Creatures (others)
  17 fungi (D:4)
17 creatures vanquished.

Grand Total: 85 creatures vanquished

Notes
Turn   | Place    | Note
-------+----------+-------------------------------------------
     0 | D:5      | comborobin the Tengu Delver began the quest for the Orb.
     0 | D:5      | Reached XP level 1. HP: 14/14 MP: 2/2
    25 | D:6      | Reached XP level 2. HP: 13/19 MP: 3/3
   166 | D:6      | Noticed a water moccasin
   208 | D:5      | Reached XP level 3. HP: 16/23 MP: 4/4
   312 | D:5      | Reached skill level 6 in Stealth
   312 | D:5      | Reached XP level 4. HP: 4/28 MP: 5/5
   856 | D:5      | Reached skill level 1 in Armour
   856 | D:5      | Gained mutation: Your magical nature lets you fly swiftly
                  | and evasively. [Tengu growth]
   856 | D:5      | Reached XP level 5. HP: 9/32 MP: 6/6
  1575 | D:4      | Noticed Blork the orc
  1588 | D:4      | Killed Blork the orc
  1589 | D:4      | Reached XP level 6. HP: 11/38 MP: 7/7
  1912 | D:4      | Noticed Robin
  1926 | D:4      | Killed Robin
  2518 | D:4      | Noticed an orc warrior
  2730 | D:4      | Reached skill level 1 in Maces & Flails
  2767 | D:4      | Reached XP level 7. HP: 31/42 MP: 8/8
  3099 | D:3      | Got the Compendium of Bewitchment
  3456 | D:2      | Found a hide-covered altar of Uskayaw.
  3677 | D:4      | Found a basalt altar of Yredelemnul.
  3828 | D:4      | Slain by an orc warrior

Illustrated notes

Levels and vault maps discovered:
D:2:      layout_loops_ring, basic_altar, uniq_natasha
D:3:      layout_rooms
D:4:      layout_gridville, mainiacjoe_overflow_chevrons,
          guppyfry_early_orc_mine, uniq_blork_the_orc, uniq_robin
D:5:      layout_basic, serial_undead, serial_undead_f, serial_undead_a,
          serial_undead_b, serial_undead_e, serial_undead_e, serial_undead_a,
          serial_undead_a, serial_undead_f, uniq_edmund
D:6:      layout_loops_corners, minmay_temple_entry_butterflies,
          kennysheep_big_empty_room, uniq_sigmund
D:7:      layout_basic, wad_floor_pattern_2

Skill      XL: |  1  2  3  4  5  6  7 |
---------------+----------------------+-----
Stealth        | 6 |  6.8
Armour         | 1 2 |  2.8
Unarmed Combat | 3 |  3.8
Maces & Flails | 3 |  3.5
Fighting       | 4 |  4.0
Dodging        | 3 |  3.0
Evocations     | |  0.1

Action                   |  1- 3 |  4- 6 |  7- 9 || total
-------------------------+-------+-------+-------++-------
Melee: Unarmed           |    17 |    58 |       ||    75
       Kick              |     8 |    19 |    13 ||    40
       Peck              |     4 |    13 |    10 ||    27
       Punch             |     1 |     2 |       ||     3
       Whip              |       |     9 |    66 ||    75
Evoke: Wand              |       |    20 |       ||    20
  Use: Potion            |       |     2 |       ||     2
       Scroll            |       |       |     1 ||     1
 Stab: Sleeping          |       |     2 |     9 ||    11
       Distracted        |       |       |     1 ||     1
Armor: Leather armour    |     4 |     5 |     4 ||    13
Dodge: Dodged            |    12 |    44 |    29 ||    85
